 Dungeon Crawl Stone Soup version 0.23.2-40-g277498a (webtiles) character file.

Game seed: 14458429447283129762

2545 Fang the Fighter (level 9, -4/90 HPs)
             Began as a Gargoyle Berserker on Oct 18, 2019.
             Was an Elder of Trog.
             Slain by Gastronok (28 damage)
             ... on level 8 of the Dungeon.
             The game lasted 00:10:05 (7505 turns).

Fang the Fighter (Gargoyle Berserker)               Turns: 7505, Time: 00:10:06

Health: -4/90      AC: 17    Str: 28    XL:     9   Next: 55%
Magic:  9/9        EV: 10    Int:  9    God:    Trog [****..]
Gold:   296        SH:  0    Dex:  9    Spells: 8/8 levels left

rFire    . . .     SeeInvis +   a - +4 battleaxe
rCold    . . .     Gourm    .   (shield currently unavailable)
rNeg     + . .     Faith    .   b - +0 chain mail
rPois    ∞         Spirit   .   (no helmet)
rElec    +         Reflect  .   (no cloak)
rCorr    .         Harm     .   (no gloves)
MR       .....                  (no boots)
Stlth    ..........             (no amulet)
HPRegen  0.25/turn              d - ring of see invisible
MPRegen  0.11/turn              f - +1 ring of protection

@: berserking, very quick
A: negative energy resistance 1, electricity resistance, unbreathing,
petrification resistance, rot immunity, AC +6
a: Berserk, Trog's Hand, Brothers in Arms, Renounce Religion


You were on level 8 of the Dungeon.
You worshipped Trog.
Trog was greatly pleased with you.
You were very hungry.

You visited 2 branches of the dungeon, and saw 9 of its levels.

You collected 334 gold pieces.
You spent 38 gold pieces at shops.

Inventory:

Hand Weapons
 a - a +4 battleaxe (weapon)
 n - a +2 vampiric war axe
Armour
 b - a +0 chain mail (worn)
Jewellery
 d - a ring of see invisible (left hand)
 f - a +1 ring of protection (right hand)
 w - an uncursed ring of resist corrosion
Wands
 C - a wand of digging (3)
 G - a wand of disintegration (15)
Scrolls
 m - 2 scrolls of blinking
 p - 6 scrolls of remove curse
 z - a scroll of fear
Potions
 e - 2 potions of haste
 g - 2 potions of berserk rage
 i - a potion of mutation
 l - 2 potions of resistance
 q - 3 potions of curing
 u - a potion of ambrosia
 v - 2 potions of magic
 x - a potion of might
 A - a potion of heal wounds
 F - a potion of cancellation
Comestibles
 c - 10 rations


   Skills:
 * Level 8.6 Fighting
 * Level 7.1 Axes
 + Level 6.2 Armour
 + Level 4.6 Dodging


You had 8 spell levels left.
You didn't know any spells.
Your spell library was empty.

Dungeon Overview and Level Annotations

Branches:
Dungeon (8/15)             Temple (1/1) D:5
   Lair: D:8-11

Altars:
Ashenzari
Cheibriados
Elyvilon
Hepliaklqana
Makhleb
Qazlal
Sif Muna
Trog
Vehumet
Xom
Yredelemnul
Zin

Shops:
D:4 (

Annotations:
D:8 Gastronok


Innate Abilities, Weirdness & Mutations

You are resistant to torment.
Your stone body is resilient. (AC +6)
You are immune to poison.
You resist negative energy. (rN+)
You are resistant to electric shocks. (rElec)
You can survive without breathing.
You are immune to petrification.
You are immune to rotting.


Message History

Gastronok is heavily wounded.
Gastronok closely misses you.
You slash Gastronok!
Gastronok is heavily wounded.
You slash Gastronok!
Gastronok is heavily wounded.
Gastronok bites you!!
* * * LOW HITPOINT WARNING * * *
You are too injured to fight recklessly!
You are too injured to fight recklessly!
You are too injured to fight recklessly!
You are too injured to fight recklessly!
You are too injured to fight recklessly!
You are too injured to fight recklessly!
A red film seems to cover your vision as you go berserk!
You feel yourself moving faster!
You feel mighty!
You are feeling very hungry.
Gastronok gurgles, "Slow down, so I can eat you."
Gastronok bites you!!
You die...

*,**,*,,,..##.#.#.#.# # ***
*,*#..,,,......###..#####
**,***.*#..**,**#....#.......#
**,*,*,..#..##.####<##.##.###.#
*,*,,,,..............?....# *,#
**,,,*,.......########.#.## *,#
**,***.....>.#.....#....# *,,
*,,,,......w..#*#..###.## ***
*******,,.......@.# #.#*
##.#### ,,,,,,,,*##.....!.###.#
#....## *******,*
#.......[.[.## ##.##...
*,**#.#.##..####.###......#
*,,..,#.*#..#####.^.####.##
********+#**#**##........## #.#
*,,,,,,,,,,,,,,,########## #.#
*,,,,,,,,,,,,,,,* #.#
*,,,,*******,,,,* *#.#*


You could see Gastronok.

Vanquished Creatures
  Prince Ribbit (D:5)
  A hippogriff (D:7)
  2 wyverns
  Eustachio (D:5)
  3 ice beasts
  2 ogres (D:6)
  A bullfrog (D:8)
  5 wights
  A howler monkey (D:5)
  2 crimson imps
  7 hounds
  A bullfrog skeleton (D:4)
  A jelly (D:7)
  4 orc wizards
  A centaur skeleton (D:4)
  4 orc priests
  Crazy Yiuf (D:7)
  An iguana (D:4)
  5 worker ants
  Robin (D:3)
  5 gnolls
  2 river rats (D:4)
  5 adders
  2 oozes
  An adder zombie (D:7)
  2 worms
  3 dart slugs
  4 leopard geckos
  12 orcs
  9 giant cockroaches
  10 goblins
  13 hobgoblins
  4 jackals (D:5)
  2 quokkas
  3 ball pythons (D:4)
  7 bats
  2 frilled lizards
  2 kobolds (D:1)
  2 leopard gecko skeletons
  A quokka zombie (D:5)
  12 rats
148 creatures vanquished.

Notes
Turn   | Place    | Note
-------+----------+-------------------------------------------
     0 | D:1      | Fang the Gargoyle Berserker began the quest for the Orb.
     0 | D:1      | Reached XP level 1. HP: 14/14 MP: 1/1
   193 | D:1      | Reached XP level 2. HP: 19/19 MP: 2/2
   574 | D:1      | Reached XP level 3. HP: 22/23 MP: 3/3
   863 | D:1      | Reached ** piety under Trog
   986 | D:2      | Found a radiant altar of Vehumet.
  1527 | D:2      | Found a burning altar of Makhleb.
  1532 | D:2      | Found a shimmering altar of Xom.
  1902 | D:2      | Reached XP level 4. HP: 27/29 MP: 4/4
  2006 | D:3      | Found a white marble altar of Elyvilon.
  2006 | D:3      | Found a bloodstained altar of Trog.
  2129 | D:3      | Noticed Robin
  2131 | D:3      | Reached skill level 4 in Fighting
  2141 | D:3      | Killed Robin
  2330 | D:3      | Found a snail-covered altar of Cheibriados.
  2623 | D:4      | Found a radiant altar of Vehumet.
  2627 | D:4      | Reached XP level 5. HP: 34/34 MP: 5/5
  2661 | D:4      | HP: 1/34 [iguana (5)]
  2851 | D:4      | Reached XP level 6. HP: 32/40 MP: 6/6
  2869 | D:4      | Found a hazy altar of Hepliaklqana.
  3045 | D:4      | Reached skill level 5 in Fighting
  3163 | D:4      | Found a deep blue altar of Sif Muna.
  3406 | D:4      | Reached XP level 7. HP: 34/44 MP: 7/7
  3444 | D:4      | Found Toshobrufif's Weapon Boutique.
  3448 | D:4      | Bought a +0 war axe for 38 gold pieces
  3742 | D:4      | Reached *** piety under Trog
  3883 | D:5      | Entered Level 5 of the Dungeon
  3895 | D:5      | Found a staircase to the Ecumenical Temple.
  3910 | Temple   | Entered the Ecumenical Temple
  3941 | D:5      | Found a shattered altar of Ashenzari.
  4166 | D:5      | Found a glowing silver altar of Zin.
  4246 | D:5      | Noticed Prince Ribbit
  4324 | D:5      | Killed Prince Ribbit
  4324 | D:5      | Reached skill level 6 in Fighting
  4324 | D:5      | Reached skill level 5 in Axes
  4324 | D:5      | Reached XP level 8. HP: 35/52 MP: 8/8
  4607 | D:5      | Noticed Eustachio
  4686 | D:5      | Killed Eustachio
  4686 | D:5      | Reached skill level 5 in Armour
  5167 | D:6      | Reached skill level 7 in Fighting
  6181 | D:7      | Found a basalt altar of Yredelemnul.
  6336 | D:7      | Reached XP level 9. HP: 58/58 MP: 9/9
  6437 | D:7      | Reached skill level 8 in Fighting
  6895 | D:7      | Found a runed translucent door.
  6896 | D:7      | Noticed Crazy Yiuf
  6957 | D:7      | Reached **** piety under Trog
  7067 | D:7      | Killed Crazy Yiuf
  7492 | D:8      | Noticed Gastronok
  7505 | D:8      | Slain by Gastronok

Skill      XL: |  1  2  3  4  5  6  7  8  9 |
---------------+----------------------------+-----
Axes           | 3 4 5 6 7 |  7.1
Dodging        | 2 3 4 |  4.6
Armour         | 3 4 5 6 |  6.2
Fighting       | 4 5 6 7 8 |  8.6

Action                   |  1- 3 |  4- 6 |  7- 9 || total
-------------------------+-------+-------+-------++-------
Melee: Hand axe          |   127 |   171 |       ||   298
       War axe           |       |       |   366 ||   366
       Battleaxe         |       |       |     9 ||     9
Invok: Berserk           |     2 |     3 |     8 ||    13
       Trog's Hand       |       |     3 |     2 ||     5
  Use: Scroll            |       |       |    20 ||    20
 Stab: Sleeping          |       |     1 |       ||     1
  Eat: Chunk             |     5 |     9 |    15 ||    29
       Ration            |       |       |     3 ||     3
Armor: Animal skin       |    58 |    24 |       ||    82
       Chain mail        |       |    54 |   351 ||   405
Dodge: Dodged            |    83 |    91 |   227 ||   401
